 Dungeon Crawl Stone Soup version 0.31-a0-986-g5e6e4ef867 (webtiles) character file.

Game seed: 7927066121287239638

67 horus123 the Magician (level 3, -1/26 HPs)
             Began as a Demigod Earth Elementalist on Nov 4, 2023.
             Succumbed to Sigmund's poison
             ... on level 3 of the Dungeon.
             The game lasted 00:03:49 (3140 turns).

horus123 the Magician (Demigod Earth Elementalist)  Turns: 3140, Time: 00:03:50

Health: -1/26      AC:  3    Str:  9    XL:     3   Next: 70%
Magic:  8/10       EV: 12    Int: 27    God:
Gold:   159        SH:  0    Dex: 14    Spells: 5/9 levels left

rFire   . . .        o - +2 flail "Riathrea" {flame, rCorr}
rCold   . . .        (no shield)
rNeg    . . .        a - +0 robe
rPois   .            (no helmet)
rElec   .            (no cloak)
rCorr   +            t - +0 pair of gloves
SInv    .            (no boots)
Will    .....        (no amulet)
Stlth   +            l - ring of wizardry
HPRegen 0.24/turn    s - +6 ring of intelligence
MPRegen 0.12/turn

%: wizardry (x1)
@: confused, lethally poisoned (-1 -> -15)
A: high MP 1, forlorn, divine attributes
a: no special abilities


You were on level 3 of the Dungeon.
You visited 1 branch of the dungeon, and saw 4 of its levels.

You collected 159 gold pieces.

Inventory:

Hand Weapons
 g - a +0 short sword
 o - the +2 flail "Riathrea" (weapon) {flame, rCorr}
   (You took it off a kobold on level 3 of the Dungeon)

   rCorr:     It protects you from acid and corrosion.
Armour
 a - a +0 robe (worn)
 t - a +0 pair of gloves (worn)
Jewellery
 l - a ring of wizardry (left hand)
 n - a ring of positive energy
 s - a +6 ring of intelligence (right hand)
Scrolls
 e - 2 scrolls of amnesia {unknown}
 h - a scroll of poison {unknown}
 j - a scroll of enchant weapon {unknown}
 k - 5 scrolls of identify {unknown}
 m - 4 scrolls of teleportation {unknown}
Potions
 b - a potion of magic
 c - 2 potions of haste {unknown}
 d - a potion of cancellation {unknown}
 f - a potion of attraction {unknown}
 i - a potion of curing {unknown}
 p - a potion of heal wounds {unknown}
 q - 2 potions of brilliance {unknown}
 r - a potion of degeneration {unknown}


   Skills:
 - Level 1.7 Dodging
 - Level 1.7 Stealth
 + Level 3.6 Spellcasting
 - Level 0.8 Transmutations
 - Level 2.6 Earth Magic


You had 5 spell levels left.
You knew the following spells:

 Your Spells              Type           Power      Damage    Failure   Level
a - Sandblast             Erth           38%        2d10      1%          1
b - Stone Arrow           Conj/Erth      24%        3d8       6%          3

Your spell library contained the following spells:

 Spells                   Type           Power      Damage    Failure   Level
 Passwall                 Tmut/Erth      11%        N/A       2%          2
 Wereblood                Tmut           9%         N/A       3%          2
 Petrify                  Tmut/Erth      14%        N/A       16%         4
 Brom's Barrelling Bould  Conj/Erth      12%        2d4       19%         4
 Leda's Liquefaction      Hex/Erth       6%         N/A       19%         4
 Lee's Rapid Deconstruct  Erth           9%         3d7*      28%         5
 Irradiate                Conj/Tmut      3%         3d12      56%         5
 Bombard                  Conj/Erth      6%         9d2       94%         6


Dungeon Overview and Level Annotations

Branches:
Dungeon (4/15)
 Temple: D:4-7

Annotations:
D:4 Sigmund


Innate Abilities, Weirdness & Mutations

You have an increased reservoir of magic. (+10% MP)
You shall have no god before yourself.
Your divine heritage dramatically boosts your attributes as you level up.


Message History

There is a stone staircase leading up, spattered with blood here.
The blast of sand hits Sigmund!
Sigmund is heavily wounded.
Sigmund casts a spell at you.
You are confused.
You're too confused to cast spells.
Sigmund misses you.
In your confused state, you trip and fall back down the stairs.
Sigmund hits you from afar with a +5 scythe of venom.
You are poisoned.
You climb upwards.
You feel very sick.
There is a stone staircase leading down here.
You start resting.
You feel less confused.
You feel sick.
You start resting.
Magic restored.
You feel sick.
You start resting.
You feel sick. x5
You are no longer poisoned.
You start resting.
HP restored.
You climb downwards.
Level annotation: Sigmund
There is a stone staircase leading up, spattered with blood here.
The blast of sand misses Sigmund.
Sigmund hits you from afar with a +5 scythe of venom!
You are poisoned.
The blast of sand hits Sigmund!
Sigmund is heavily wounded.
You feel very sick.
Sigmund points at you and mumbles some strange words.
You are confused.
Sigmund hits you from afar with a +5 scythe of venom.
* * * LOW HITPOINT WARNING * * *
You are more poisoned.
Okay, then.
* * * LOW HITPOINT WARNING * * *
You feel very sick.
You climb upwards.
You die...

###...###### ###..........#
#.......####.# #########
.....#### #.# #.......#
...### #.# #.......# .###
#.######.......# ##
#..............# #
#####..............#
#........@.........#
#......##'##.......#
#......##.##......:#
#......##.##.......#
########....####.############
#...##......'....#..........#
###.........####.#..........#
###.......# #.#..........#
#.......####.#.......[..#


There were no monsters in sight!

Vanquished Creatures
  An adder (D:2)
  A dart slug (D:2)
  7 orcs (D:3)
  7 bats
  4 endoplasms
  2 giant cockroaches (D:3)
  7 hobgoblins
  2 quokkas (D:2)
  2 ball pythons (D:2)
  A frilled lizard (D:1)
  2 goblins (D:3)
  7 kobolds
  2 rats (D:1)
45 creatures vanquished.

Notes
Turn   | Place    | Note
-------+----------+-------------------------------------------
     0 | D:1      | horus123 the Demigod Earth Elementalist began the quest for
                  | the Orb.
     0 | D:1      | Reached XP level 1. HP: 14/14 MP: 5/5
    83 | D:1      | Reached skill level 2 in Spellcasting
   472 | D:1      | Reached XP level 2. HP: 20/20 MP: 6/8
  1322 | D:2      | Reached skill level 3 in Spellcasting
  1701 | D:2      | Reached XP level 3. HP: 19/26 MP: 7/10
  1859 | D:2      | Learned a level 3 spell: Stone Arrow
  2090 | D:3      | Identified the +2 flail "Riathrea" {flame, rCorr}
  2877 | D:4      | Noticed Sigmund
  3140 | D:3      | Succumbed to Sigmund's poison

Illustrated notes

Levels and vault maps discovered:
D:1:      tekkud_arrival_beachfront_property, layout_loops_corners
D:2:      layout_basic
D:3:      layout_basic, mainiacjoe_overflow_alcove_2,
          nicolae_overflow_hidden_temple, grunt_qazlal_sundering, serial_curves,
          eino_curves_01, eino_curves_01
D:4:      gammafunk_cloud_chamber, layout_rooms, slow_altar_1,
          nicolae_gozag_cash_rules_everything_around_me, amcnicky_altar_gilded,
          uniq_natasha, uniq_edmund, uniq_sigmund

Skill      XL: |  1  2 |
---------------+-------+-----
Spellcasting   | 2 3 |  3.6
Dodging        | |  1.7
Stealth        | |  1.7
Transmutations | |  0.8
Earth Magic    | |  2.6

Action                     || total
---------------------------++-------
  Melee: Flail             ||     8
         Short sword       ||     1
   Cast: Sandblast         ||    75
 Armour: Robe              ||    18
  Dodge: Dodged            ||    31

Table legend: (Time is in decaauts)
 A = Elapsed time spent in this place.
 B = Non-inter-level travel time spent in this place.
 C = Inter-level travel time spent in this place.
 D = Time resting spent in this place.
 E = Time spent auto-exploring this place.
 F = Levels seen in this place.
 G = Mean time per level.
                   A        B        C        D        E       F      G
               +--------+--------+--------+--------+--------+-----+--------+
         Total |   3179 |   3046 |    133 |    300 |   2423 |   4 |  794.8 |
       Dungeon |   3179 |   3046 |    133 |    300 |   2423 |   4 |  794.8 |
               +--------+--------+--------+--------+--------+-----+--------+

Top non-repeatable levels by time:
     D:3: 1236 daAuts
     D:1: 1044 daAuts
     D:2: 877 daAuts
     D:4: 21 daAuts
